 Dungeon Crawl Stone Soup version 0.19.1-1-g22dce08 (webtiles) character file.

60860 Gargoyl the Protected (level 15, -13/125 HPs)
             Began as a Ghoul Abyssal Knight on Jan 4, 2017.
             Was the Champion of Lugonu.
             Mangled by an ice devil (17 damage)
             ... summoned by an orc high priest
             ... on level 1 of the Orcish Mines.
             The game lasted 01:31:34 (20151 turns).

Gargoyl the Protected (Ghoul Abyssal Knight)       Turns: 20151, Time: 01:31:34

Health: -13/125    AC:  6    Str: 22    XL:     15   Next: 1%
Magic:  30/31      EV: 11    Int:  7    God:    Lugonu [******]
Gold:   1166       SH:  4    Dex: 11    Spells: 0 memorised, 14 levels left

rFire  + + +     SeeInvis +     A - +7 great mace "Firestarter" {inner flame, rF++}
rCold  . . .     Gourm    .     P - +1 fire dragon scales
rNeg   + + +     Faith    .     (shield currently unavailable)
rPois  ∞         Spirit   .     u - +2 hat
rElec  .         Reflect  +     D - +2 cloak {+Inv}
rCorr  .         Harm     .     Z - +0 pair of gloves
MR     +....                    Y - +0 pair of boots
Stlth  ..........               i - +4 amulet of reflection
                                M - ring "Weonaes" {rC+ Slay+2}
                                v - ring of Acsuaz {rC- rN+ MP+9 Str+2 SInv}

@: corroded, rotting, studying Shields
A: rotting body, claws 1, carnivore 3, cold resistance 1, negative energy
resistance 3, slow regeneration 1, torment resistance, unbreathing
a: Depart the Abyss, Bend Space, Banish, Corrupt, Enter the Abyss, Brand Weapon
With Distortion, Renounce Religion, Evoke Invisibility


You were on level 1 of the Orcish Mines.
You worshipped Lugonu.
Lugonu was exalted by your worship.
You were not hungry.

You visited 3 branches of the dungeon, and saw 18 of its levels.
You visited the Abyss 1 time.
You also visited: Labyrinth.

You collected 1593 gold pieces.
You spent 427 gold pieces at shops.

Inventory:

Hand Weapons
 A - the +7 great mace "Firestarter" (weapon) {inner flame, rF++}
   (You found it on level 9 of the Dungeon)

   It has been specially enchanted to burn those struck by it, causing extra
   injury to most foes and up to half again as much damage against particularly
   susceptible opponents.
   It greatly protects you from fire.
 S - a +2 battleaxe of freezing
 V - a +1 demon trident
Missiles
 w - 17 tomahawks (quivered)
Armour
 k - a +6 plate armour of poison resistance
 r - the +6 buckler "Merrucw" {rCorr}
   (You found it on level 6 of the Dungeon)

   It protects you from acid and corrosion.
 u - a +2 hat (worn)
 D - a +2 cloak of invisibility (worn)
 P - +1 fire dragon scales (worn)
 Y - a +0 pair of boots (worn)
 Z - a +0 pair of gloves (worn)
Jewellery
 a - an uncursed ring of protection from cold
 h - an uncursed ring of magical power {unknown}
 i - a +4 amulet of reflection (around neck)
 v - the ring of Acsuaz (left hand) {rC- rN+ MP+9 Str+2 SInv}
   (You found it in a labyrinth)

   [ring of magical power]

   It affects your strength (+2).
   It makes you vulnerable to cold.
   It protects you from negative energy.
   It affects your magic capacity (+9).
   It lets you see invisible.
 L - an uncursed ring of protection from fire
 M - the ring "Weonaes" (right hand) {rC+ Slay+2}
   (You found it on level 9 of the Dungeon)

   [ring of protection from cold]

   It affects your accuracy and damage with ranged weapons and melee attacks
   (+2).
   It protects you from cold.
Wands
 g - a wand of iceblast (12/15)
 l - a wand of lightning (8/15)
 m - a wand of digging (8/24)
 K - a wand of disintegration (21/24)
Scrolls
 b - 7 scrolls of fear
 d - a scroll of blinking
 n - a scroll of identify
 q - 5 scrolls of teleportation
 s - 3 scrolls of remove curse
 G - 5 scrolls of recharging
 W - a scroll of summoning
Potions
 e - a potion of haste
 j - 7 potions of curing
 x - a potion of might
 z - 2 potions of magic
 N - a potion of ambrosia
 O - 2 potions of cancellation
Books
 J - a manual of Shields
Miscellaneous
 B - a phial of floods
 X - a box of beasts
Comestibles
 c - 16 meat rations
 f - 7 beef jerkies
 o - 3 slices of pizza
 C - a royal jelly


   Skills:
 + Level 9.6 Fighting
   Level 2.8 Long Blades
 + Level 9.0(11.1) Axes
 + Level 10.6(11.9) Maces & Flails
 + Level 1.3 Throwing
 * Level 12.8 Armour
 + Level 2.3 Dodging
 + Level 4.4 Shields
 * Level 11.5 Invocations
 * Level 6.4 Evocations


You had 14 spell levels left.
You didn't know any spells.

Dungeon Overview and Level Annotations

Branches:
Dungeon (11/15)            Temple (0/1) D:4            Lair (6/6) D:11
  Swamp (0/4) Lair:2        Snake (0/4) Lair:3        Slime (0/5) Lair:6
    Orc (1/2) D:11

Altars:
Ashenzari
Fedhas
Kikubaaqudgha
Vehumet
Xom
Yredelemnul
The Shining One
Jiyva

Shops:
D:5 (   D:11 =   Orc:1 *%*[

Annotations:
Abyss:1 Harold


Innate Abilities, Weirdness & Mutations

Your body is rotting away.
You thrive on raw meat.
You are immune to poison.
You have sharp fingernails.
You are carnivorous and can eat meat at any time.
Your flesh is cold resistant. (rC+)
You are immune to negative energy. (rN+++)
You regenerate slowly when monsters are visible.
You are immune to unholy pain and torment.
You can survive without breathing.


Message History

The ice devil hits you but does no damage.
The orc warrior hits you from afar with a trident!!
* * * LOW HITPOINT WARNING * * *
The hellwing is engulfed in roaring flames.
The hellwing hits you!
* * * LOW HITPOINT WARNING * * *
The hellwing hits you.
* * * LOW HITPOINT WARNING * * *
The rust devil hits you. The rust devil corrodes you!
Okay, then.
Space bends around you!
You blink.
* * * LOW HITPOINT WARNING * * *
The orc high priest mumbles some strange prayers to Beogh against you.
Beogh smites you!
* * * LOW HITPOINT WARNING * * *
The orc warrior closely misses you.
You feel better. The ice devil hits you.
* * * LOW HITPOINT WARNING * * *
The ice devil freezes you!
You die...

...# ........#...#.#..### ...#
#..#..#.8....)..#. ...#
#.....#........... ∩..#
#.....'........... ...#
#..#.§§§.......... .###
#....§§........... ..#
#.....#.)......... .##
###'###.4#4.#.8...).)... .#
.......@oo..#.....[..... ##
.........4..#.....)..... ##
#..#..#..8..#........... >## .
..........#........... ..#
............#.......)...
.#####################......)[...
##...........................[...
#............................[.).
.................................


You could see an orc high priest, a hellwing, an ice devil, a rust devil and an
orc warrior.

Vanquished Creatures
  Gastronok (Lair:3)
  A minotaur (Lab)
  4 hydras
  3 catoblepae (Lair:6)
  18 death yaks
  A tengu warrior (D:11)
  Urug (D:11)
  Pikel (D:4)
  2 hill giants
  3 orc knights (Orc:1)
  An ugly thing (D:11)
  2 oklob plants (Lair:6)
  5 elephants (Lair:2)
  Joseph (D:8)
  Psyche (D:9)
  Maurice (D:8)
  2 black mambas
  10 spiny frogs
  4 rime drakes
  4 komodo dragons
  4 trolls
  13 hippogriffs
  33 blink frogs
  Prince Ribbit (D:9)
  7 dream sheep (Lair:5)
  A minotaur skeleton (Lab)
  A vampire (D:11)
  Sigmund (D:4)
  3 redbacks (Lab)
  3 basilisks
  2 wyverns
  40 yaks
  Grum (D:11)
  A hungry ghost (D:11)
  2 nagas (Lair:3)
  4 wargs (Orc:1)
  6 porcupines
  Duvessa (D:6)
  10 water moccasins
  16 orc warriors
  An ice beast (D:5)
  2 black bears
  2 sky beasts
  4 phantoms
  9 wolves
  8 ogres
  2 centaurs (D:6)
  6 crocodiles
  3 big kobolds
  Blork the orc (D:6)
  A gnoll sergeant (D:9)
  14 bullfrogs
  Dowan (D:6)
  A scorpion (D:7)
  4 killer bees (D:11)
  3 troll skeletons (Lab)
  4 wights (D:10)
  4 howler monkeys
  A spriggan skeleton (Lab)
  An electric eel (D:11)
  3 crimson imps
  A centaur skeleton (D:6)
  4 hounds
  16 orc priests
  A bullfrog skeleton (D:5)
  4 jellies
  13 orc wizards
  An iguana (D:7)
  6 worker ants
  A killer bee zombie (D:8)
  An ogre skeleton (Lab)
  A hound zombie (D:6)
  A hound skeleton (D:5)
  A worker ant zombie (D:9)
  5 gnolls (D:9)
  13 adders
  An ufetubus (Abyss:4)
  4 oozes
  2 adder zombies
  3 worms
  2 adder skeletons
  3 leopard geckos
  55 orcs
  7 bats
  3 giant cockroaches
  15 goblins
  11 hobgoblins
  16 jackals
  5 quokkas
  3 ball pythons
  4 frilled lizards
  A goblin zombie (D:4)
  4 hobgoblin zombies (D:4)
  A jackal skeleton (D:9)
  27 kobolds
  3 kobold skeletons (D:4)
  A kobold zombie (D:4)
  A quokka skeleton (D:10)
  A quokka zombie (D:5)
  6 rats
  5 fungi
  15 plants
559 creatures vanquished.

Vanquished Creatures (collateral kills)
  2 wights (D:10)
2 creatures vanquished.

Vanquished Creatures (others)
  An orc high priest (Orc:1)
  A crimson imp (D:4)
  An orc priest (Orc:1)
  An orc wizard (D:4)
  A goblin skeleton (D:4)
  A kobold zombie (D:4)
  2 orc zombies (D:4)
  4 fungi
  9 plants
21 creatures vanquished.

Grand Total: 582 creatures vanquished

Notes
Turn   | Place    | Note
-------+----------+-------------------------------------------
     0 | Abyss:1  | Gargoyl the Ghoul Abyssal Knight began the quest for the Orb.
     0 | Abyss:1  | Reached XP level 1. HP: 19/19 MP: 1/1
    82 | Abyss:4  | Found a corrupted altar of Lugonu.
   112 | Abyss:4  | Noticed a small abomination
   112 | Abyss:4  | Found a corrupted altar of Lugonu.
   134 | D:1      | Escaped the Abyss
   415 | D:1      | Reached XP level 2. HP: 24/25 MP: 2/2
   489 | D:1      | Reached skill level 1 in Dodging
   834 | D:1      | Reached skill level 2 in Armour
   854 | D:1      | Reached * piety under Lugonu
   993 | D:1      | Reached XP level 3. HP: 33/33 MP: 3/3
  1272 | D:2      | Reached XP level 4. HP: 11/40 MP: 4/4
  1670 | D:3      | Reached ** piety under Lugonu
  2060 | D:3      | Found a basalt altar of Yredelemnul.
  2418 | D:4      | Found a staircase to the Ecumenical Temple.
  2422 | D:4      | Reached XP level 5. HP: 44/47 MP: 5/5
  2456 | D:4      | Reached skill level 3 in Armour
  2504 | D:4      | Noticed Sigmund
  2527 | D:4      | Killed Sigmund
  2527 | D:4      | Reached XP level 6. HP: 33/53 MP: 7/7
  2595 | D:4      | Reached XP level 7. HP: 60/60 MP: 8/8
  2647 | D:4      | Noticed a hippogriff
  2679 | D:4      | Killed a hippogriff
  2679 | D:4      | Reached skill level 4 in Armour
  2821 | D:4      | Reached *** piety under Lugonu
  2887 | D:4      | Noticed Pikel
  2945 | D:4      | Killed Pikel
  2945 | D:4      | Reached skill level 5 in Fighting
  2945 | D:4      | Reached skill level 5 in Axes
  2945 | D:4      | Reached skill level 5 in Armour
  2945 | D:4      | Reached XP level 8. HP: 27/68 MP: 8/10
  2960 | D:4      | Found a glowing golden altar of the Shining One.
  3243 | D:5      | Entered Level 5 of the Dungeon
  3843 | D:5      | Found Huelud's Antique Weapon Emporium.
  4010 | D:5      | Reached skill level 6 in Armour
  4127 | D:6      | Reached XP level 9. HP: 71/74 MP: 11/11
  4180 | D:6      | Reached **** piety under Lugonu
  4214 | D:6      | Reached skill level 5 in Invocations
  4422 | D:6      | Noticed Blork the orc
  4427 | D:6      | Killed Blork the orc
  4454 | D:6      | Got a crude buckler
  4460 | D:6      | Identified the +6 buckler "Merrucw" {rCorr} (You found it on level 6 of the Dungeon)
  4554 | D:6      | Found a radiant altar of Vehumet.
  5027 | D:6      | Noticed Duvessa
  5029 | D:6      | Noticed Dowan
  5035 | D:6      | Killed Duvessa
  5053 | D:6      | Killed Dowan
  5373 | D:7      | Reached skill level 7 in Armour
  5373 | D:7      | Reached skill level 1 in Shields
  5830 | D:7      | Reached skill level 1 in Long Blades
  5830 | D:7      | Reached XP level 10. HP: 78/83 MP: 13/13
  5974 | D:8      | Noticed Joseph
  6028 | D:8      | Killed Joseph
  6143 | D:8      | Reached ***** piety under Lugonu
  6228 | D:8      | Found a faded altar of an unknown god.
  6228 | D:8      | Found a blossoming altar of Fedhas.
  6234 | D:8      | Found a faded altar of an unknown god.
  6237 | D:8      | Found a faded altar of an unknown god.
  6239 | D:8      | Found a faded altar of an unknown god.
  6313 | D:8      | Noticed Maurice
  6668 | D:8      | Found a shimmering altar of Xom.
  6906 | D:9      | Found a shattered altar of Ashenzari.
  7195 | D:9      | Got a clouded golden ring
  7279 | D:9      | Noticed Prince Ribbit
  7295 | D:9      | Killed Prince Ribbit
  7459 | D:9      | Got a faintly glowing copper ring
  7542 | D:9      | Noticed Psyche
  7549 | D:9      | Killed Psyche
  7549 | D:9      | Reached skill level 8 in Armour
  8041 | D:8      | Identified the ring "Weonaes" {rC+ Slay+2} (You found it on level 9 of the Dungeon)
  8090 | D:8      | Killed Maurice
  8106 | D:8      | Identified the ring of Luwnyha {+Blink rPois rC+ Int+4 Dex+4} (You found it on level 9 of the Dungeon)
  8215 | D:10     | Entered Level 10 of the Dungeon
  8307 | D:10     | Found an ancient bone altar of Kikubaaqudgha.
  8417 | D:10     | Reached XP level 11. HP: 59/91 MP: 15/15
  8420 | D:10     | Reached skill level 1 in Maces & Flails
  8857 | D:10     | Noticed a hill giant
  8865 | D:10     | Killed a hill giant
  9144 | D:11     | Noticed a tengu warrior
  9156 | D:11     | Killed a tengu warrior
  9259 | D:11     | Found a staircase to the Orcish Mines.
  9292 | D:11     | Noticed a red ugly thing
  9492 | D:11     | Noticed a hill giant
  9499 | D:11     | Killed a hill giant
  9548 | D:11     | Noticed Grum
  9575 | D:11     | Killed Grum
  9759 | D:11     | Noticed Urug
  9763 | D:11     | Killed Urug
  9875 | D:11     | Found Zabled's Jewellery Boutique.
  9894 | D:11     | Found a staircase to the Lair.
  9904 | D:11     | Reached skill level 1 in Throwing
  9961 | D:11     | Reached skill level 9 in Armour
  9985 | D:11     | Reached ****** piety under Lugonu
 10134 | D:11     | Killed a red ugly thing
 10556 | Lair:1   | Entered Level 1 of the Lair of Beasts
 10722 | Lair:1   | Reached skill level 5 in Maces & Flails
 11309 | Lair:2   | Found a labyrinth entrance.
 11319 | Lab      | Entered a labyrinth
 11589 | Lab      | Reached XP level 12. HP: 87/100 MP: 17/17
 12998 | Lab      | Noticed a minotaur
 13005 | Lab      | Killed a minotaur
 13048 | Lab      | Got a bound bronze ring
 13237 | Lair:2   | Reached skill level 1 in Evocations
 13321 | Lair:2   | Reached skill level 10 in Armour
 13328 | Lair:2   | Noticed a five-headed hydra
 13337 | Lair:2   | Killed a five-headed hydra
 13466 | Lair:2   | Noticed a four-headed hydra
 13477 | Lair:2   | Killed a four-headed hydra
 13576 | Lair:2   | Identified the ring of Acsuaz {rC- rN+ MP+9 Str+2 SInv} (You found it in a labyrinth)
 13876 | Lair:2   | Found a staircase to the Swamp.
 14118 | Lair:3   | Noticed Gastronok
 14118 | Lair:3   | Noticed a seven-headed hydra
 14126 | Lair:3   | Killed a seven-headed hydra
 14126 | Lair:3   | Reached skill level 11 in Armour
 14332 | Lair:3   | Killed Gastronok
 14332 | Lair:3   | Reached XP level 13. HP: 95/107 MP: 19/19
 14397 | Lair:3   | Noticed Harold
 14415 | Lair:3   | Banished Harold
 15035 | Lair:3   | Found a staircase to the Snake Pit.
 15548 | Lair:4   | Reached skill level 10 in Invocations
 16517 | Lair:5   | Reached skill level 5 in Evocations
 16519 | Lair:5   | Reached XP level 14. HP: 63/116 MP: 20/20
 16635 | Lair:5   | Reached skill level 12 in Armour
 17128 | Lair:6   | Entered Level 6 of the Lair of Beasts
 17553 | Lair:6   | Reached skill level 10 in Maces & Flails
 18214 | Lair:6   | Found a runed door.
 18215 | Lair:6   | Found a viscous altar of Jiyva.
 18219 | Lair:6   | Found a staircase to the Slime Pits.
 18613 | Orc:1    | Entered Level 1 of the Orcish Mines
 18843 | Orc:1    | Found Unepots's General Store.
 19134 | Orc:1    | Bought 3 scrolls of teleportation for 135 gold pieces
 19134 | Orc:1    | Bought a scroll of teleportation for 45 gold pieces
 19810 | Orc:1    | Reached XP level 15. HP: 101/124 MP: 22/22
 19835 | Orc:1    | Found Foemavop's Armour Boutique.
 19838 | Orc:1    | Found Biliokuc's Food Shoppe.
 19879 | Orc:1    | Found Anox's Assorted Antiques.
 19890 | Orc:1    | Bought a scroll of enchant armour for 247 gold pieces
 20150 | Orc:1    | HP: 1/125 [orc high priest/divine providence (15)]
 20151 | Orc:1    | Mangled by an ice devil

Skill      XL: |  1  2  3  4  5  6  7  8  9 10 11 12 13 14 |
---------------+-------------------------------------------+-----
Axes           | 2 4 5 6 8 9 |  9.0
Dodging        | 1 2 |  2.3
Armour         | 2 3 5 6 7 8 9 11 12 | 12.8
Fighting       | 4 5 6 7 8 9 |  9.6
Invocations    | 3 4 6 7 8 9 10 11 | 11.5
Shields        | 1 3 4 |  4.4
Long Blades    | 1 2 |  2.8
Maces & Flails | 5 7 9 10 | 10.6
Throwing       | 1 |  1.3
Evocations     | 3 5 6 |  6.4

Action                   |  1- 3 |  4- 6 |  7- 9 | 10-12 | 13-15 || total
-------------------------+-------+-------+-------+-------+-------++-------
Melee: Hand axe          |    79 |       |       |       |       ||    79
       War axe           |    30 |   142 |   387 |   171 |       ||   730
       Falchion          |       |       |    97 |   188 |       ||   285
       Great mace        |       |       |       |   260 |   385 ||   645
       Spear             |       |       |       |     7 |       ||     7
       Battleaxe         |       |       |       |    10 |    21 ||    31
Throw: Tomahawk          |       |       |     9 |    10 |     9 ||    28
Invok: Depart the Abyss  |     1 |       |       |       |       ||     1
       Bend Space        |       |       |       |     1 |     3 ||     4
       Banish            |       |       |       |       |     5 ||     5
Evoke: Wand              |       |     1 |     2 |     1 |       ||     4
  Use: Scroll            |     4 |     2 |    12 |    20 |     5 ||    43
       Potion            |       |     1 |       |    11 |     7 ||    19
 Stab: Petrified         |       |       |       |       |     2 ||     2
  Eat: Chunk             |    10 |    25 |    64 |   120 |   139 ||   358
       Meat ration       |       |       |       |     1 |       ||     1
       Pizza             |       |       |       |       |     1 ||     1
Armor: Leather armour    |     3 |       |       |       |       ||     3
       Plate armour      |   156 |   179 |   467 |   685 |   361 ||  1848
       Fire dragon scale |       |       |       |       |    11 ||    11
Dodge: Dodged            |    53 |    47 |   160 |   270 |   217 ||   747
Block: Buckler           |       |       |   115 |   213 |       ||   328
       Other             |       |       |       |       |    63 ||    63
       Rpst.: Falchion   |       |       |     5 |     8 |       ||    13
